 Dungeon Crawl Stone Soup version 0.19-a0-1937-g70ed36a (webtiles) character file.

5917 varam the Grappler (level 10, -15/88 HPs)
             Began as a Troll Monk on Oct 26, 2016.
             Was a High Priest of Okawaru.
             Demolished by varam's ghost (28 damage)
             ... on level 10 of the Dungeon.
             The game lasted 00:23:18 (9029 turns).

varam the Grappler (Troll Monk)                     Turns: 9029, Time: 00:23:19

Health: -15/88     AC:  6    Str: 24    XL:     10   Next: 53%
Magic:  7/9        EV: 16    Int:  6    God:    Okawaru [*****.]
Gold:   1873       SH: 13    Dex: 15    Spells: 0 memorised, 9 levels left

rFire  . . .     SeeInvis .       - Unarmed
rCold  . . .     Gourm    +     I - +0 robe {MR+}
rNeg   . . .     Faith    .     l - +0 shield
rPois  .         Spirit   .     (helmet restricted)
rElec  .         Reflect  .     Y - +0 cloak {+Inv}
rCorr  .         Harm     .     (gloves unavailable)
MR     +....                    (boots unavailable)
Stlth  +++.......               (no amulet)
                                k - +3 ring of strength
                                i - +5 ring of slaying

@: heroism
A: unfitting armour, claws 3, fast metabolism 3, gourmand, regeneration 1,
shaggy fur 1, tough skin 2
a: Heroism, Finesse, Renounce Religion, Evoke Invisibility


You were on level 10 of the Dungeon.
You worshipped Okawaru.
Okawaru was extremely pleased with you.
You were very full.

You visited 1 branch of the dungeon, and saw 10 of its levels.
You also visited: Ossuary and Bailey.

You collected 1873 gold pieces.

Inventory:

Missiles
 F - 7 steel tomahawks
 G - 25 tomahawks of returning (quivered)
 O - 5 silver tomahawks
 T - 15 tomahawks
Armour
 l - a +0 shield (worn)
 I - a +0 robe of magic resistance (worn)
 Y - a +0 cloak of invisibility (worn)
Jewellery
 i - a +5 ring of slaying (left claw)
 k - a +3 ring of strength (right claw)
 o - an uncursed ring of protection from fire {unknown}
 L - a +5 ring of dexterity {unknown}
Wands
 r - a wand of flame (18/48)
 z - a wand of flame (23/48)
 H - a wand of slowing (16/48)
 U - a wand of polymorph (16/24)
 W - a wand of random effects (27/48)
 X - a wand of iceblast (4/15)
Scrolls
 c - 3 scrolls of blinking
 e - 8 scrolls of teleportation
 g - 4 scrolls of enchant weapon
 n - 4 scrolls of amnesia
 q - 10 scrolls of identify {@r1}
 t - 4 scrolls of torment {unknown}
 u - 4 scrolls of fear {unknown}
 y - 5 scrolls of remove curse {@r2}
 E - 5 scrolls of recharging {unknown}
 J - a scroll of vulnerability {unknown}
 P - a scroll of magic mapping {unknown}
 S - a scroll of enchant armour {unknown}
Potions
 d - 3 potions of lignification {unknown}
 h - 2 potions of degeneration {unknown}
 j - a potion of magic {unknown}
 m - 4 potions of resistance {unknown}
 s - 2 potions of brilliance {unknown}
 v - a potion of cancellation {unknown}
 w - 2 potions of curing {unknown}
 x - 4 potions of heal wounds {unknown}
 A - a potion of haste {unknown}
 C - a potion of flight {unknown}
 D - a potion of mutation {unknown}
 M - 3 potions of agility {unknown}
 Q - a potion of cure mutation {unknown}
 V - a potion of beneficial mutation {unknown}
Books
 p - a book of Conjurations

   Spells                             Type                      Level
   a - Magic Dart                     Conjuration                  1
   b - Searing Ray                    Conjuration                  2
   c - Dazzling Spray                 Conjuration/Hexes            3
   d - Fulminant Prism                Conjuration/Hexes            4
   e - Iskenderun's Mystic Blast      Conjuration                  4
   f - Iskenderun's Battlesphere      Conjuration/Charms           5
 N - a book of Changes

   Spells                             Type                      Level
   a - Beastly Appendage              Transmutation                1
   b - Sticks to Snakes               Transmutation                2
   c - Spider Form                    Transmutation/Poison         3
   d - Ice Form                       Ice/Transmutation            4
   e - Blade Hands                    Transmutation                5
 R - a book of Misfortune

   Spells                             Type                      Level
   a - Confusing Touch                Hexes                        1
   b - Confuse                        Hexes                        3
   c - Gell's Gravitas                Hexes/Translocation          3
   d - Petrify                        Transmutation/Earth          4
   e - Metabolic Englaciation         Hexes/Ice                    5
   f - Yara's Violent Unravelling     Hexes/Transmutation          5
Comestibles
 a - a beef jerky
 b - 9 bread rations
 f - 5 slices of pizza
 B - 2 meat rations
 K - 7 fruits


   Skills:
 - Level 2.4(7.4) Fighting
 - Level 3.0(8.0) Throwing
 + Level 4.5(9.5) Dodging
 - Level 1.0(6.0) Stealth
 - Level 9.2(14.2) Shields
 + Level 10.4(15.4) Unarmed Combat


You had 9 spell levels left.
You didn't know any spells.

Dungeon Overview and Level Annotations

Branches:
Dungeon (10/15)            Temple (0/1) D:6            Lair (0/6) D:8
    Orc (0/2) D:9

Altars:
Makhleb
Okawaru
Ru
Sif Muna
Vehumet
Zin
The Shining One

Shops:
D:5 %   D:7 :   D:10 ?

Annotations:
D:10 varam's ghost, novice TrMo


Innate Abilities, Weirdness & Mutations

You are too large for most types of armour.
You have claws for hands.
Your metabolism is lightning-fast.
You like to eat raw meat.
Your natural rate of healing is unusually fast.
You are covered in fur. (AC +1)
You have very tough skin. (AC +2)


Message History

Varam's ghost hits you!!
* * * LOW HITPOINT WARNING * * *
You scratch varam's ghost.
Varam's ghost is almost destroyed.
You miss varam's ghost.
Varam's ghost is almost destroyed.
You block varam's ghost's attack.
You miss varam's ghost.
Varam's ghost is almost destroyed.
You block varam's ghost's attack.
You miss varam's ghost.
Varam's ghost is almost destroyed.
You miss varam's ghost.
Varam's ghost is almost destroyed.
Varam's ghost hits you!
* * * LOW HITPOINT WARNING * * *
You miss varam's ghost.
Varam's ghost is almost destroyed.
Varam's ghost hits you!!
You die...

......... ........#
..# ........#
..##### ........#
+....... ........#
#.......
#.......#####.......
#...................
###.....W.......#
#..####@##....# #.
#.....#....# #
#.....#....#
#.....#....#
#.....#....#
#.....#...##
#.....#...#
#.....#...# #...#


You could see varam's ghost.

Vanquished Creatures
  An orc knight (Bailey)
  Joseph (D:9)
  Prince Ribbit (D:7)
  3 yaks (D:8)
  Duvessa (D:5)
  Edmund (D:5)
  A black bear (D:8)
  9 orc warriors
  2 ice beasts (D:5)
  3 phantoms
  4 ogres
  A centaur (D:6)
  Blork the orc (D:6)
  The ghost of varam the Twirler, an amateur GrGl (D:4)
  A big kobold (D:10)
  3 bullfrogs
  Dowan (D:5)
  6 killer bees
  3 howler monkeys
  3 crimson imps
  A centaur zombie (D:9)
  4 hounds
  3 jellies
  A bullfrog skeleton (D:8)
  2 centaur skeletons
  8 orc priests
  2 gnoll shamans
  Ijyb (D:2)
  Terence (D:3)
  6 orc wizards
  7 worker ants
  An iguana (D:3)
  2 hound skeletons
  11 mummies (Ossuary)
  9 gnolls
  11 adders
  2 oozes
  3 worms
  4 adder skeletons
  8 leopard geckos
  41 orcs
  7 giant cockroaches
  11 hobgoblins
  16 jackals
  4 quokkas
  A ball python (D:3)
  6 bats
  7 frilled lizards
  2 gnoll skeletons (Ossuary)
  11 goblins
  2 goblin skeletons (Ossuary)
  A goblin zombie (D:4)
  24 kobolds
  3 kobold skeletons (Ossuary)
  A leopard gecko zombie (D:5)
  An orc skeleton (Ossuary)
  A quokka zombie (D:4)
  14 rats
  11 rat skeletons (Ossuary)
298 creatures vanquished.

Notes
Turn   | Place    | Note
-------+----------+-------------------------------------------
     0 | D:1      | varam the Troll Monk began the quest for the Orb.
     0 | D:1      | Reached XP level 1. HP: 22/22 MP: 0/0
    78 | D:1      | Reached XP level 2. HP: 27/29 MP: 1/1
   193 | D:1      | Reached skill level 4 in Unarmed Combat
   411 | D:1      | Reached XP level 3. HP: 36/36 MP: 2/2
   713 | D:2      | Noticed Ijyb
   723 | D:2      | Killed Ijyb
   776 | D:2      | Reached XP level 4. HP: 40/44 MP: 3/3
   907 | D:2      | Reached skill level 5 in Unarmed Combat
  1261 | D:2      | Found a glowing golden altar of the Shining One.
  1339 | D:2      | Found a faded altar of an unknown god.
  1339 | D:2      | Found a faded altar of an unknown god.
  1344 | D:2      | Found a faded altar of an unknown god.
  1346 | D:2      | Found an iron altar of Okawaru.
  1348 | D:2      | Found a faded altar of an unknown god.
  1352 | D:2      | Became a worshipper of Warmaster Okawaru
  1352 | D:2      | Reached * piety under Okawaru
  1352 | D:2      | Reached ** piety under Okawaru
  1628 | D:3      | Reached skill level 1 in Shields
  1628 | D:3      | Reached XP level 5. HP: 50/50 MP: 4/4
  1644 | D:3      | Found a radiant altar of Vehumet.
  1991 | D:3      | Noticed Terence
  1999 | D:3      | Killed Terence
  2422 | D:4      | Noticed varam's ghost (amateur GrGl)
  2479 | D:4      | Killed varam's ghost
  2479 | D:4      | Reached XP level 6. HP: 59/59 MP: 2/5
  2602 | D:4      | Found a sand-covered staircase.
  2609 | Ossuary  | Entered an ossuary
  2710 | Ossuary  | Reached skill level 6 in Unarmed Combat
  3381 | D:4      | Reached XP level 7. HP: 66/66 MP: 6/6
  3979 | D:5      | Entered Level 5 of the Dungeon
  4058 | D:5      | Noticed Duvessa
  4061 | D:5      | Noticed Dowan
  4070 | D:5      | Killed Duvessa
  4075 | D:5      | Killed Dowan
  4075 | D:5      | Reached *** piety under Okawaru
  4075 | D:5      | Reached skill level 5 in Shields
  4333 | D:5      | Received a gift from Okawaru
  4617 | D:6      | Got a faintly glowing quarterstaff
  4643 | D:5      | Reached XP level 8. HP: 71/74 MP: 7/7
  4708 | D:5      | Found Quilun's Food Emporium.
  4751 | D:5      | Reached skill level 1 in Throwing
  4751 | D:5      | Reached skill level 7 in Unarmed Combat
  4862 | D:5      | Noticed Edmund
  4872 | D:5      | Killed Edmund
  4981 | D:6      | Noticed Blork the orc
  4995 | D:6      | Killed Blork the orc
  5099 | D:6      | Reached **** piety under Okawaru
  5562 | D:6      | Reached XP level 9. HP: 59/80 MP: 5/8
  5638 | D:6      | Found a staircase to the Ecumenical Temple.
  5880 | D:7      | Reached skill level 8 in Unarmed Combat
  6137 | D:7      | Found a deep blue altar of Sif Muna.
  6206 | D:7      | Found Lainumm's Book Boutique.
  6499 | D:7      | Noticed Prince Ribbit
  6503 | D:7      | Killed Prince Ribbit
  7124 | D:8      | Received a gift from Okawaru
  7222 | D:8      | Found a burning altar of Makhleb.
  7225 | D:8      | Found a sacrificial altar of Ru.
  7228 | D:8      | Found a glowing silver altar of Zin.
  7286 | D:8      | Found a flagged portal.
  7296 | Bailey   | Entered a bailey
  7324 | Bailey   | Reached skill level 9 in Unarmed Combat
  7331 | Bailey   | Noticed an orc knight
  7348 | Bailey   | Killed an orc knight
  7348 | Bailey   | Reached ***** piety under Okawaru
  7349 | Bailey   | Reached XP level 10. HP: 54/88 MP: 6/9
  7624 | D:8      | Received a gift from Okawaru
  7968 | D:8      | Found a staircase to the Lair.
  8183 | D:9      | Reached skill level 10 in Unarmed Combat
  8463 | D:9      | Received a gift from Okawaru
  8513 | D:9      | Found a staircase to the Orcish Mines.
  8553 | D:9      | Noticed Joseph
  8568 | D:9      | Killed Joseph
  8849 | D:10     | Entered Level 10 of the Dungeon
  8853 | D:10     | Found Lojemoant's Magic Scroll Shop.
  9006 | D:10     | Noticed varam's ghost (novice TrMo)
  9029 | D:10     | Demolished by varam's ghost

Vault maps used:
D:1:      grunt_arrival_lava_bath
D:2:      chequers_temple_overflow_minitemple, old_standard_altar, uniq_iyjb
D:3:      vehumet_crystals, portal_sewer_entry_a, uniq_terence
D:4:      first_bread, enter_ossuary_4
D:5:      serial_shops, nicolae_shop_behind_doors, uniq_edmund, uniq_duvessa
D:6:      kennysheep_big_flooded_room, kennysheep_generic_room_5,
          uniq_blork_the_orc
D:7:      old_standard_altar, serial_shops, shop, uniq_prince_ribbit1
D:8:      grunt_temple_overflow_diamond, lair_0_dummy, enter_bailey_2
D:9:      orc_0_dummy, uniq_joseph
D:10:     serial_shops, nicolae_shop_behind_doors
Ossuary:  ossuary_due_small_catacomb
Bailey:   bailey_axe_1, bailey

Skill      XL: |  1  2  3  4  5  6  7  8  9 10 |
---------------+-------------------------------+-----
Unarmed Combat | 4 5 6 7 9 10 | 10.4
Shields        | 1 2 4 5 7 9 |  9.2
Throwing       | 2 3 |  3.0
Dodging        | 4 |  4.5
Fighting       | |  2.4
Stealth        | |  1.0

Action                   |  1- 3 |  4- 6 |  7- 9 | 10-12 || total
-------------------------+-------+-------+-------+-------++-------
Melee: Unarmed           |    94 |   212 |   262 |   135 ||   703
       Punch             |     3 |     4 |       |       ||     7
Throw: Stone             |       |       |     7 |     3 ||    10
       Tomahawk          |       |       |       |    51 ||    51
Invok: Heroism           |       |     1 |     3 |     4 ||     8
  Use: Scroll            |       |     6 |       |       ||     6
 Stab: Sleeping          |     3 |     6 |     6 |       ||    15
       Distracted        |       |       |       |     1 ||     1
  Eat: Chunk             |     7 |    27 |    39 |    14 ||    87
Armor: Robe              |    29 |    44 |    31 |    21 ||   125
Dodge: Dodged            |    41 |    73 |    56 |    37 ||   207
Block: Shield            |       |     7 |   102 |    78 ||   187
